 Dungeon Crawl Stone Soup version 0.24.0-123-gd5b16e6ec5 (webtiles) character file.

Game seed: 10567270022946447680, levelgen mode: deterministic

875 Hylith the Chopper (level 7, -1/64 HPs)
             Began as a Minotaur Fighter on Jan 7, 2020.
             Was an Initiate of Trog.
             Succumbed to a gnoll sergeant's poison
             ... on level 4 of the Dungeon.
             The game lasted 00:05:19 (2911 turns).

Hylith the Chopper (Minotaur Fighter)               Turns: 2911, Time: 00:05:20

Health: -1/64      AC: 12    Str: 28    XL:     7   Next: 74%
Magic:  6/6        EV:  6    Int:  5    God:    Trog [......]
Gold:   65         SH: 11    Dex: 12    Spells: 6/6 levels left

rFire    . . .     SeeInvis .   a - +0 war axe
rCold    + + .     Gourm    .   c - +0 shield
rNeg     . . .     Faith    .   y - +0 chain mail
rPois    .         Spirit   .   (helmet restricted)
rElec    .         Reflect  .   t - +0 cloak (curse)
rCorr    .         Harm     .   v - +1 pair of gloves {Dex+3}
MR       .....                  (no boots)
Stlth    ..........             (no amulet)
HPRegen  0.20/turn              e - ring of protection from cold
MPRegen  0.10/turn              (no ring)

@: mighty, lethally poisoned (-1 -> -46)
A: retaliatory headbutt, horns 2, cold resistance 1, sense surroundings 1
a: Renounce Religion


You were on level 4 of the Dungeon.
You worshipped Trog.
Trog was noncommittal.
You were hungry.

You visited 2 branches of the dungeon, and saw 6 of its levels.

You collected 207 gold pieces.
You spent 142 gold pieces at shops.

Inventory:

Hand Weapons
 a - a +0 war axe (weapon)
Missiles
 k - 7 atropa-tipped darts (quivered)
 n - 5 boomerangs
 r - 20 poisoned darts
Armour
 c - a +0 shield (worn)
 t - a cursed +0 cloak (worn)
 v - a +1 pair of gloves of dexterity (worn)
 y - a +0 chain mail (worn)
Jewellery
 e - a ring of protection from cold (left hand)
Scrolls
 h - 9 scrolls of identify {unknown}
 l - 4 scrolls of teleportation {unknown}
 s - a scroll of fog {unknown}
 u - a scroll of magic mapping {unknown}
 w - a scroll of fear {unknown}
 x - a scroll of remove curse {unknown}
Potions
 d - 3 potions of might
 g - a potion of mutation
 i - a potion of haste {unknown}
 j - a potion of curing {unknown}
 m - a potion of degeneration {unknown}
 o - a potion of lignification {unknown}
 p - a potion of resistance {unknown}
 q - a potion of ambrosia {unknown}
 z - a potion of invisibility {unknown}
Comestibles
 f - 5 rations
 A - 9 chunks of flesh


   Skills:
 + Level 6.3 Fighting
 * Level 7.7 Axes
 - Level 4.0 Armour
 + Level 6.3 Shields


You had 6 spell levels left.
You didn't know any spells.
Your spell library was empty.

Dungeon Overview and Level Annotations

Branches:
Dungeon (5/15)             Temple (1/1) D:4

Altars:
Ashenzari
Dithmenos
Gozag
Hepliaklqana
Nemelex Xobeh
Okawaru
Sif Muna
Trog
Uskayaw
Vehumet
Wu Jian
Xom
Yredelemnul
Zin

Shops:
D:4 [

Annotations:
D:5 leetStiK's ghost, novice HaAs


Innate Abilities, Weirdness & Mutations

You reflexively headbutt those who attack you in melee.
You have a pair of horns on your head.
Your flesh is cold resistant. (rC+)
You passively map a small area around you.


Message History

The gnoll sergeant is heavily wounded.
* * * LOW HITPOINT WARNING * * *
You feel very sick. You block the gnoll sergeant's attack.
You feel very mighty all of a sudden.
* * * LOW HITPOINT WARNING * * *
You feel sick.
The gnoll sergeant hits you but does no damage.
You are more poisoned.
You completely miss the gnoll sergeant. You headbutt the gnoll sergeant!
The gnoll sergeant is almost dead.
* * * LOW HITPOINT WARNING * * *
You feel very sick.
The gnoll sergeant hits you with a +5 spear of venom.
* * * LOW HITPOINT WARNING * * *
You are more poisoned.
It was a potion of mutation.
You feel extremely strange.
You feel a strange attunement to the structure of the dungeons.
You feel resistant to cold.
You die...

* ######### ,
.......>###
........).#
....###.#.#
..., #@#.#*
.......g...$..#
*
...............
###...).......#
..............
*
..##......#####
* * , .
#.##'#.# , + ,
.. #.### * * *
, , * ,


You could see a gnoll sergeant.

Vanquished Creatures
  Sigmund (D:3)
  A hungry ghost (D:3)
  2 centaurs (D:5)
  A scorpion (D:4)
  A howler monkey (D:4)
  2 hounds (D:5)
  A centaur skeleton (D:4)
  An iguana (D:5)
  2 worker ants
  3 gnolls (D:4)
  8 adders
  An ooze (D:2)
  3 worms
  A dart slug (D:2)
  5 leopard geckos
  2 orcs
  A giant cockroach (D:5)
  9 goblins
  9 hobgoblins
  8 jackals
  A quokka (D:2)
  A ball python (D:3)
  8 bats
  6 frilled lizards
  8 kobolds
  2 quokka skeletons
  9 rats
97 creatures vanquished.

Notes
Turn   | Place    | Note
-------+----------+-------------------------------------------
     0 | D:1      | Hylith the Minotaur Fighter began the quest for the Orb.
     0 | D:1      | Reached XP level 1. HP: 19/19 MP: 0/0
   304 | D:1      | Reached XP level 2. HP: 27/27 MP: 1/1
   556 | D:1      | Reached skill level 3 in Axes
   585 | D:2      | Found an ornate altar of the Wu Jian Council.
   712 | D:2      | Reached XP level 3. HP: 19/33 MP: 2/2
  1244 | D:3      | Reached XP level 4. HP: 33/40 MP: 3/3
  1249 | D:3      | Reached skill level 4 in Axes
  1476 | D:3      | Noticed Sigmund
  1490 | D:3      | Killed Sigmund
  1490 | D:3      | Reached skill level 5 in Fighting
  1490 | D:3      | Reached skill level 5 in Axes
  1490 | D:3      | Reached skill level 5 in Shields
  1490 | D:3      | Reached XP level 5. HP: 28/48 MP: 4/4
  1574 | D:3      | Found a shattered altar of Ashenzari.
  1762 | D:3      | Noticed a hungry ghost
  1788 | D:3      | Killed a hungry ghost
  1788 | D:3      | Reached skill level 6 in Axes
  1788 | D:3      | Reached XP level 6. HP: 55/56 MP: 5/5
  2093 | D:4      | Reached XP level 7. HP: 44/62 MP: 6/6
  2187 | D:4      | Found Ithren's Antique Armour Boutique.
  2209 | D:4      | Bought a pair of embroidered gloves for 142 gold pieces
  2398 | D:4      | Found a staircase to the Ecumenical Temple.
  2407 | Temple   | Entered the Ecumenical Temple
  2447 | Temple   | Became a worshipper of Trog the Wrathful
  2491 | D:5      | Entered Level 5 of the Dungeon
  2612 | D:5      | Noticed leetStiK's ghost (novice HaAs)
  2706 | D:5      | Found a sparkling altar of Nemelex Xobeh.
  2727 | D:5      | Reached skill level 7 in Axes
  2910 | D:4      | HP: 3/64 [gnoll sergeant/+5 spear of venom (1)]
  2911 | D:4      | Gained mutation: You passively map a small area around you.
                  | [potion of mutation]
  2911 | D:4      | Gained mutation: Your flesh is cold resistant. (rC+)
                  | [potion of mutation]
  2911 | D:4      | Succumbed to a gnoll sergeant's poison

Levels and vault maps discovered:
D:1:      co_arrival_square_in_a_square_in_a_square, layout_loops_cross
D:2:      layout_rooms, old_standard_altar
D:3:      layout_basic, nicolae_ashenzari_panopticon, uniq_sigmund
D:4:      layout_basic, minmay_temple_entry_antechambers, serial_shops,
          nicolae_shop_statue_plus, first_ration, kennysheep_doodads
D:5:      layout_loops_ring, nemelex_xobeh_ov_fountains_minmay,
          gammafunk_ghost_icy
Temple:   minmay_temple_bridge_abc

Skill      XL: |  1  2  3  4  5  6  7 |
---------------+----------------------+-----
Axes           | 3 5 6 7 |  7.7
Fighting       | 4 5 6 |  6.3
Armour         | 4 |  4.0
Shields        | 4 5 6 |  6.3

Action                   |  1- 3 |  4- 6 |  7- 9 || total
-------------------------+-------+-------+-------++-------
Melee: War axe           |   109 |    82 |    60 ||   251
       Headbutt          |    14 |    19 |     7 ||    40
  Use: Potion            |       |       |     2 ||     2
  Eat: Chunk             |     1 |     4 |     2 ||     7
       Ration            |       |     1 |       ||     1
Armor: Scale mail        |    42 |    40 |     5 ||    87
       Chain mail        |       |       |    19 ||    19
Dodge: Dodged            |    35 |    26 |    13 ||    74
Block: Shield            |    69 |    42 |    40 ||   151
